 Dungeon Crawl Stone Soup version 0.30-a0-956-gcec3b41aec (webtiles) character file.

Game seed: 12432554653274157349

38 jasper the Digger (level 3, -2/26 HPs)
             Began as a Demigod Earth Elementalist on Mar 29, 2023.
             Succumbed to Terence's poison
             ... on level 2 of the Dungeon.
             The game lasted 00:02:47 (1380 turns).

jasper the Digger (Demigod Earth Elementalist)      Turns: 1380, Time: 00:02:48

Health: -2/26      AC:  2    Str:  9    XL:     3   Next: 10%
Magic:  8/9        EV: 12    Int: 21    God:
Gold:   45         SH:  0    Dex: 14    Spells: 4/7 levels left

rFire   . . .      SeeInvis .    n - +0 trident
rCold   . . .      Faith    .    (no shield)
rNeg    . . .      Spirit   .    a - +0 robe
rPois   .          Reflect  .    (no helmet)
rElec   .          Rampage  .    (no cloak)
rCorr   .                        (no gloves)
Will    .....                    (no boots)
Stlth   ++                       (no amulet)
HPRegen 0.24/turn                (no ring)
MPRegen 0.11/turn                (no ring)

@: lethally poisoned (-2 -> -20)
A: high MP 1, forlorn, divine attributes
a: no special abilities


You were on level 2 of the Dungeon.
You visited 1 branch of the dungeon, and saw 2 of its levels.

You collected 45 gold pieces.

Inventory:

Hand Weapons
 l - a +0 club
 n - a +0 trident (weapon)
Missiles
 m - 14 stones
Armour
 a - a +0 robe (worn)
Scrolls
 d - a scroll of magic mapping
 h - a scroll of identify
Potions
 b - 3 potions of magic
 c - 3 potions of curing
 e - a potion of lignification {unknown}
 f - a potion of ambrosia {unknown}
 i - a potion of heal wounds {unknown}
 j - a potion of brilliance {unknown}
 k - a potion of mutation {unknown}


   Skills:
 - Level 1.7 Dodging
 - Level 1.7 Stealth
 + Level 2.5 Spellcasting
 - Level 0.8 Transmutations
 + Level 3.4 Earth Magic


You had 4 spell levels left.
You knew the following spells:

 Your Spells              Type           Power      Damage    Failure   Level
a - Sandblast             Erth           32%        2d9       3%          1
b - Passwall              Tmut/Erth      9%         N/A       9%          2

Your spell library contained the following spells:

 Spells                   Type           Power      Damage    Failure   Level
 Shock                    Conj/Air       8%         1d3       14%         1
 Stone Arrow              Conj/Erth      18%        3d8       21%         3
 Ignite Poison            Fire/Tmut/Pois 3%         N/A       36%         3
 Kindle Blastsparks       Fire/Tloc/Air  4%         2d10      38%         3
 Swiftness                Air            2%         N/A       38%         3
 Petrify                  Tmut/Erth      11%        N/A       50%         4
 Airstrike                Air            1%         2d(1-17)  80%         4
 Freezing Cloud           Conj/Ice/Air   1%         6-21      98%         5


Dungeon Overview and Level Annotations

Branches:
Dungeon (2/15)

Shops:
D:1 ?

Annotations:
D:2 Terence


Innate Abilities, Weirdness & Mutations

You have an increased reservoir of magic. (+10% MP)
You shall have no god before yourself.
Your divine heritage dramatically boosts your attributes as you level up.


Message History

The blast of sand hits Terence but does no damage.
Terence closely misses you.
You now have 8/9 mp.
Aiming: Sandblast (safe; 3% risk of failure)
Press: ? - help, Q - select action, (/) - cycle Shift-Dir - straight line, f/p - Terence
Aim: Terence, wielding a +3 short sword of venom and wearing a +3 chain mail (87% to hit)
The blast of sand hits Terence but does no damage.
Terence hits you with a +3 short sword of venom!
You are poisoned.
Terence hits you with a +3 short sword of venom.
You are more poisoned.
You take 10 damage, and have 16/26 hp.
MASSIVE DAMAGE!!
You now have 7/9 mp.
Okay, then.
It was a potion of curing.
You feel better.
Terence hits you with a +3 short sword of venom.
You are poisoned.
You regained 2 hp, and now have 18/26 hp.
Terence attacks as you move away!
Terence hits you with a +3 short sword of venom.
You feel sick.
You take 7 damage, and have 11/26 hp.
MASSIVE DAMAGE!!
You feel sick.
You take 1 damage, and have 10/26 hp.
You feel sick.
Terence bares his teeth.
There is a stone staircase leading down here.
You take 1 damage, and have 9/26 hp.
You aren't carrying any items that you can evoke.
As you read the scroll labelled XAMYIZ NOOFIE, it crumbles to dust.
It is a scroll of identify.
d - a scroll of magic mapping You feel sick.
Terence hits you with a +3 short sword of venom.
* * * LOW HITPOINT WARNING * * *
You are more poisoned.
You take 7 damage, and have 2/26 hp.
MASSIVE DAMAGE!!
As you read the scroll labelled SAMNYO SYCS, it crumbles to dust.
The creatures around you are filled with an inner flame!
It was a scroll of immolation.
You die...

#...#..##.......#......#.
#...#..#........#.##.....
#...#..##.).....#.##.....
#...#...........#.##<.#..
.#.##...#...#................
.......................##.#.#
.............................
......#........##...##.####.#
.##.# ##..#.@...#...##.####..
.. #.....@......##....... >.
...........#.#.##.#####.
##.##.####.###.##.# #. #.
#.##.....#.#### #. #.
........##.# #. .........####
#. .##.......# #. +.....).#
#.


You could see Terence (inner flame).

Vanquished Creatures
  An adder (D:2)
  4 endoplasms
  A giant cockroach (D:1)
  3 goblins (D:1)
  2 hobgoblins (D:2)
  4 jackals (D:1)
  2 quokkas (D:2)
  2 ball pythons
  2 bats
  2 frilled lizards (D:1)
  2 kobolds
25 creatures vanquished.

Notes
Turn   | Place    | Note
-------+----------+-------------------------------------------
     0 | D:1      | jasper the Demigod Earth Elementalist began the quest for
                  | the Orb.
     0 | D:1      | Reached XP level 1. HP: 14/14 MP: 5/5
     8 | D:1      | Found Pomuah's Magic Scroll Emporium.
   177 | D:1      | Reached skill level 3 in Earth Magic
   181 | D:1      | Reached XP level 2. HP: 20/20 MP: 0/7
   889 | D:1      | Learned a level 2 spell: Passwall
  1082 | D:2      | Reached XP level 3. HP: 20/26 MP: 2/9
  1372 | D:2      | Noticed Terence
  1380 | D:2      | Succumbed to Terence's poison

Illustrated notes

Levels and vault maps discovered:
D:1:      psy_arrival_dodecagon, layout_basic, serial_shops, shop
D:2:      layout_basic, fountainhead, minmay_hexomino_u4, uniq_terence,
          uniq_natasha

Skill      XL: |  1 |
---------------+----+-----
Spellcasting   | 2 |  2.5
Earth Magic    | 3 |  3.4
Dodging        | |  1.7
Stealth        | |  1.7
Transmutations | |  0.8

Action                     || total
---------------------------++-------
  Melee: Unarmed           ||     1
   Cast: Sandblast         ||    40
    Use: Scroll            ||     2
         Potion            ||     1
 Armour: Robe              ||     6
  Dodge: Dodged            ||    21

Table legend: (Time is in decaauts)
 A = Elapsed time spent in this place.
 B = Non-inter-level travel time spent in this place.
 C = Inter-level travel time spent in this place.
 D = Time resting spent in this place.
 E = Time spent auto-exploring this place.
 F = Levels seen in this place.
 G = Mean time per level.
                   A        B        C        D        E       F      G
               +--------+--------+--------+--------+--------+-----+--------+
         Total |   1398 |   1358 |     40 |     66 |   1119 |   2 |  699.0 |
       Dungeon |   1398 |   1358 |     40 |     66 |   1119 |   2 |  699.0 |
               +--------+--------+--------+--------+--------+-----+--------+

Top non-repeatable levels by time:
     D:1: 940 daAuts
     D:2: 458 daAuts
